Lightning vs Blackhawks
Created - March 13, 2025 at 21:38
Goals
|
| Lightning |
1 |
2 |
0 |
0 |
3 |
| Blackhawks |
2 |
1 |
0 |
1 |
4 |
|
Shots
|
| Lightning |
15 |
8 |
9 |
0 |
32 |
| Blackhawks |
6 |
5 |
16 |
1 |
28 |
|
1st period
1. Blackhawks , Mike Amadio 13 (Adrian Kempe 23, PK Subban 9) at 7:37
2. Lightning , Jonathan Drouin 8 (Miro Heiskanen 12, Alexander Kerfoot 31) at 8:49
3. Blackhawks , Mikko Rantanen 28 (Will Butcher 31, Erik Haula 22) at 15:22
Penalties :
Lawson Crouse (T.B) for Slashing (Double Minor) at 1:53, Derek Stepan (Chi) for Tripping (Minor) at 19:44
2nd period
4. Lightning , Anthony Cirelli 11 (Miro Heiskanen 13, Rasmus Ristolainen 47) at 7:20 (PP)
5. Blackhawks , Thomas Chabot 6 (Adrian Kempe 24, Cam Ward) at 12:11
6. Lightning , Jonathan Drouin 9 (Alexander Kerfoot 32, Rasmus Ristolainen 48) at 12:21
Penalties :
Max Friberg (T.B) for Delaying the game (Minor) at 2:27, Thomas Chabot (Chi) for Tripping (Minor) at 6:41, Shayne Gostisbehere (T.B) for High sticking (Minor) at 9:39, Jakob Silfverberg (Chi) for Hooking (Minor) at 13:53, Anze Kopitar (T.B) for Interference (Minor) at 17:12
3rd period
No Goal
Penalties :
Lawson Crouse (T.B) for Delaying the game (Minor) at 10:06, William Karlsson (Chi) for Tripping (Minor) at 12:23, Alexander Kerfoot (T.B) for Hooking (Minor) at 12:33, Lawson Crouse (T.B) for Slashing (Minor) at 18:01
Overtime #1
7. Blackhawks , Will Butcher 12 (Johnny Gaudreau 30, Robert Hagg 7) at 0:34 (SH)
Penalties :
Radko Gudas (Chi) for Tripping (Minor) at 0:22
Goalie Stats
Alex Nedeljkovic (T.B), 24 saves from 28 shots - (0.857), OTL, 24-22-5, 60:34 minutes
Cam Ward (Chi), 29 saves from 32 shots - (0.906), W, 23-10-5, 60:34 minutes
Players Stats for Lightning
Player Name G A P +/- PIM S H SB GA TA FO MP PP MP PK MP
------------------------------------------------------------------------------------
Alex DeBrincat 0 0 0 -1 0 3 0 0 0 0 1/1 12:37 2:01 0:00
Alexander Kerfoot 0 2 2 1 2 4 1 0 0 0 25/35 23:22 2:45 6:42
Anthony Cirelli 1 0 1 -1 0 2 2 1 1 0 0/0 19:37 2:01 6:07
Anze Kopitar 0 0 0 0 2 5 2 0 0 0 3/6 13:30 0:00 2:53
Ben Hutton 0 0 0 0 0 0 0 1 1 0 0/0 9:18 0:00 0:20
Brandon Hagel 0 0 0 0 0 0 0 0 0 0 1/1 10:42 0:00 0:10
Cory Emmerton 0 0 0 -2 0 0 1 1 0 0 0/3 5:44 0:00 0:00
Jeff Schultz 0 0 0 -1 0 1 0 4 0 2 0/0 25:57 0:00 7:33
Jesper Fast 0 0 0 -2 0 0 0 0 0 1 1/1 10:04 0:00 4:50
John Carlson 0 0 0 -1 0 1 5 2 1 1 0/0 21:12 1:28 5:46
Jonathan Drouin 2 0 2 2 0 5 2 1 0 1 1/3 17:39 2:46 2:13
Lawson Crouse 0 0 0 1 8 1 0 1 0 0 0/1 20:13 2:46 3:02
Max Friberg 0 0 0 0 2 2 1 2 0 0 1/1 11:08 0:00 0:00
Miro Heiskanen 0 2 2 0 0 0 0 0 0 0 0/0 14:11 3:19 1:31
Nico Hischier 0 0 0 -1 0 2 1 1 0 1 6/11 15:47 2:01 2:10
Rasmus Ristolainen 0 2 2 -1 0 3 2 1 1 0 0/0 29:32 3:19 7:33
Shayne Gostisbehere 0 0 0 -1 2 3 0 4 0 0 0/0 20:58 1:28 5:25
Teemu Hartikainen 0 0 0 -2 0 0 0 0 0 0 0/0 4:45 0:00 0:00
Players Stats for Blackhawks
Player Name G A P +/- PIM S H SB GA TA FO MP PP MP PK MP
------------------------------------------------------------------------------------
Adrian Kempe 0 2 2 1 0 2 1 1 2 0 0/0 11:38 0:10 1:24
Andrew Ladd 0 0 0 1 0 1 1 0 0 0 0/0 6:58 0:00 1:11
Antoine Roussel 0 0 0 1 0 0 1 0 0 0 0/1 18:37 6:47 0:44
Dalton Prout 0 0 0 -1 0 1 1 0 0 0 0/0 21:09 4:59 2:03
Derek Stepan 0 0 0 -2 2 2 0 1 1 0 11/34 20:58 6:38 0:53
Erik Haula 0 1 1 1 0 1 2 0 0 0 3/10 17:15 6:47 0:08
Jakob Silfverberg 0 0 0 -2 2 3 2 0 0 1 0/1 23:26 6:38 1:47
Joe Pavelski 0 0 0 1 0 2 1 0 0 0 0/0 6:15 0:28 0:00
Johnny Gaudreau 0 1 1 -1 0 2 3 0 1 1 7/10 24:16 6:38 3:02
Mike Amadio 1 0 1 1 0 3 0 2 0 0 0/1 10:42 0:38 0:00
Mikko Rantanen 1 0 1 1 0 2 1 1 1 0 0/0 18:03 6:47 0:36
PK Subban 0 1 1 -1 0 2 0 0 0 1 0/0 21:07 4:59 2:03
Radko Gudas 0 0 0 1 2 0 3 0 0 0 0/0 28:52 8:33 2:44
Robert Hagg 0 1 1 2 0 1 0 1 0 0 0/0 10:34 0:31 0:11
Stefan Matteau 0 0 0 1 0 0 1 0 0 0 1/2 5:47 0:00 0:00
Thomas Chabot 1 0 1 1 2 2 1 2 0 0 0/0 10:22 0:31 0:00
Will Butcher 1 1 2 2 0 4 1 3 1 1 0/0 29:02 8:33 2:55
William Karlsson 0 0 0 1 2 0 1 1 0 0 2/4 10:23 0:38 0:00
3 Stars
1 - Jonathan Drouin (T.B)
2 - Will Butcher (Chi)
3 - Adrian Kempe (Chi)
Power Play
Lightning - 1 on 5 Attempt(s) - 20.00%
Blackhawks - 0 on 8 Attempt(s) - 0.00%
Penalty Kill
Lightning - 8 on 8 Attempt(s) - 100.00%
- Score 0 goal in Penalty Kill
Blackhawks - 4 on 5 Attempt(s) - 80.00%
- Score 1 goal in Penalty Kill
Team Stat
Lightning - Hits : 17 - Faceoff Wins : 39 - Blocked Shots : 19 - Penalty Minutes : 16
Blackhawks - Hits : 20 - Faceoff Wins : 24 - Blocked Shots : 12 - Penalty Minutes : 10
Official
Referees : Trevor Hanson and Conor O'Donnell
Linesman : Brian Mach and David Brisebois
Game Notes
No Game Note
Finance
Level 1 -- Attendance: 5821 (97.02%) -- Ticket Income $582,100
Level 2 -- Attendance: 4520 (90.40%) -- Ticket Income $316,400
Level 3 -- Attendance: 1899 (94.95%) -- Ticket Income $75,960
Level 4 -- Attendance: 3660 (91.50%) -- Ticket Income $109,800
Luxury Box -- Attendance: 994 (99.40%) -- Ticket Income $198,800
Game was played at the United Center.
Total Attendance: 16894 (93.86%)
Total Ticket Income: $1,283,060
Other Income: $192,459
Total Income: $1,475,519
Lightning
5 vs 5 Forward
Center Left Wing Right Wing Time % Phy DF OF
1 Alexander Kerfoot Jonathan Drouin Lawson Crouse 40 1 2 2
2 Nico Hischier Anthony Cirelli Alex DeBrincat 30 1 2 2
3 Anze Kopitar Brandon Hagel Max Friberg 20 1 2 2
4 Cory Emmerton Teemu Hartikainen Jesper Fast 10 1 2 2
5 vs 5 Defense
Defense Defense Time % Phy DF OF
1 Rasmus Ristolainen Jeff Schultz 40 1 2 2
2 John Carlson Shayne Gostisbehere 30 1 2 2
3 Ben Hutton Miro Heiskanen 20 1 2 2
4 Rasmus Ristolainen Miro Heiskanen 10 1 2 2
PowerPlay Forward
Center Left Wing Right Wing Time % Phy DF OF
1 Alexander Kerfoot Jonathan Drouin Lawson Crouse 60 1 2 2
2 Nico Hischier Anthony Cirelli Alex DeBrincat 40 1 2 2
PowerPlay Defense
Defense Defense Time % Phy DF OF
1 Rasmus Ristolainen Miro Heiskanen 60 1 2 2
2 John Carlson Shayne Gostisbehere 40 1 2 2
Penalty Kill 4 Players Forward
Center Wing Time % Phy DF OF
1 Alexander Kerfoot Lawson Crouse 60 1 2 2
2 Anze Kopitar Anthony Cirelli 40 1 2 2
Penalty Kill 4 Players Defense
Defense Defense Time % Phy DF OF
1 Rasmus Ristolainen Jeff Schultz 60 1 2 2
2 John Carlson Shayne Gostisbehere 40 1 2 2
Penalty Kill - 3 Players Forward
Forward Time % Phy DF OF
1 Alexander Kerfoot 60 1 2 2
2 Anthony Cirelli 40 1 2 2
Penalty Kill - 3 Players Defense
Defense Defense Time % Phy DF OF
1 Rasmus Ristolainen Jeff Schultz 60 1 2 2
2 John Carlson Shayne Gostisbehere 40 1 2 2
4 vs 4 Forward
Center Wing Time % Phy DF OF
1 Alexander Kerfoot Lawson Crouse 60 1 2 2
2 Nico Hischier Anthony Cirelli 40 1 2 2
4 vs 4 Defense
Defense Defense Time % Phy DF OF
1 Rasmus Ristolainen Jeff Schultz 60 1 2 2
2 John Carlson Shayne Gostisbehere 40 1 2 2
Last Minutes Offensive
Center Left Wing Right Wing Defense Defense
Anze Kopitar Jonathan Drouin Lawson Crouse Rasmus Ristolainen Jeff Schultz
Last Minutes Defensive
Center Left Wing Right Wing Defense Defense
Anze Kopitar Jonathan Drouin Lawson Crouse Rasmus Ristolainen Jeff Schultz
Goaltenders
Starting : Alex Nedeljkovic
Backup : Anton Forsberg
Extra Forwards
Normal : Cory Emmerton, Max Friberg, Jesper Fast - PP : Cory Emmerton, Max Friberg - PK : Jesper Fast
Extra Defensemen
Normal : Ben Hutton, Miro Heiskanen, John Carlson - PP : Ben Hutton - PK : Miro Heiskanen, John Carlson
Penalty Shots
Lawson Crouse, Anze Kopitar, Alexander Kerfoot, Jonathan Drouin, Alex DeBrincat
Custom OT Lines Forwards
Lawson Crouse, Anze Kopitar, Alexander Kerfoot, Jonathan Drouin, Alex DeBrincat, Anthony Cirelli, Nico Hischier, Brandon Hagel, Cory Emmerton, Jesper Fast
Custom OT Lines Defensemen
Rasmus Ristolainen, Jeff Schultz, John Carlson, Shayne Gostisbehere, Ben Hutton
Scratches
Brendan Perlini (Healthy), Dalton Thrower (Healthy), Daultan Leveillé (Healthy)
Blackhawks
5 vs 5 Forward
Center Left Wing Right Wing Time % Phy DF OF
1 Derek Stepan Johnny Gaudreau Jakob Silfverberg 40 1 2 2
2 Erik Haula Antoine Roussel Mikko Rantanen 30 1 2 2
3 William Karlsson Adrian Kempe Mike Amadio 20 1 2 2
4 Stefan Matteau Andrew Ladd Joe Pavelski 10 1 2 2
5 vs 5 Defense
Defense Defense Time % Phy DF OF
1 Radko Gudas Will Butcher 40 1 2 2
2 Dalton Prout PK Subban 30 1 2 2
3 Thomas Chabot Robert Hagg 20 1 2 2
4 Radko Gudas Will Butcher 10 1 2 2
PowerPlay Forward
Center Left Wing Right Wing Time % Phy DF OF
1 Derek Stepan Johnny Gaudreau Jakob Silfverberg 60 1 2 2
2 Erik Haula Antoine Roussel Mikko Rantanen 40 1 2 2
PowerPlay Defense
Defense Defense Time % Phy DF OF
1 Radko Gudas Will Butcher 60 1 2 2
2 Dalton Prout PK Subban 40 1 2 2
Penalty Kill 4 Players Forward
Center Wing Time % Phy DF OF
1 Johnny Gaudreau Jakob Silfverberg 60 1 2 2
2 Antoine Roussel Mikko Rantanen 40 1 2 2
Penalty Kill 4 Players Defense
Defense Defense Time % Phy DF OF
1 Radko Gudas Will Butcher 60 1 2 2
2 Dalton Prout PK Subban 40 1 2 2
Penalty Kill - 3 Players Forward
Forward Time % Phy DF OF
1 Johnny Gaudreau 60 1 2 2
2 Jakob Silfverberg 40 1 2 2
Penalty Kill - 3 Players Defense
Defense Defense Time % Phy DF OF
1 Radko Gudas Will Butcher 60 1 2 2
2 Dalton Prout PK Subban 40 1 2 2
4 vs 4 Forward
Center Wing Time % Phy DF OF
1 Johnny Gaudreau Jakob Silfverberg 60 1 2 2
2 Antoine Roussel Mikko Rantanen 40 1 2 2
4 vs 4 Defense
Defense Defense Time % Phy DF OF
1 Radko Gudas Will Butcher 60 1 2 2
2 Dalton Prout PK Subban 40 1 2 2
Last Minutes Offensive
Center Left Wing Right Wing Defense Defense
Derek Stepan Johnny Gaudreau Jakob Silfverberg Radko Gudas Will Butcher
Last Minutes Defensive
Center Left Wing Right Wing Defense Defense
Derek Stepan Johnny Gaudreau Jakob Silfverberg Radko Gudas Will Butcher
Goaltenders
Starting : Cam Ward
Backup : Ilya Samsonov
Extra Forwards
Normal : William Karlsson, Mike Amadio, Adrian Kempe - PP : William Karlsson, Mike Amadio - PK : Adrian Kempe
Extra Defensemen
Normal : Thomas Chabot, Robert Hagg, Dalton Prout - PP : Thomas Chabot - PK : Robert Hagg, Dalton Prout
Penalty Shots
Johnny Gaudreau, Jakob Silfverberg, Antoine Roussel, Mikko Rantanen, Derek Stepan
Custom OT Lines Forwards
Johnny Gaudreau, Jakob Silfverberg, Antoine Roussel, Mikko Rantanen, Derek Stepan, Erik Haula, William Karlsson, Mike Amadio, Adrian Kempe, Joe Pavelski
Custom OT Lines Defensemen
Radko Gudas, Will Butcher, Dalton Prout, PK Subban, Thomas Chabot
Scratches
None
% Time on Ice - Lightning
Lines # - Real PCT - Wanted PCT - Time Play
Normal Forward
1 - 34% - 40% - 13:25
2 - 27% - 30% - 10:39
3 - 27% - 20% - 10:32
4 - 12% - 10% - 4:45
Normal Defense
1 - 42% - 40% - 16:39
2 - 35% - 30% - 13:41
3 - 19% - 20% - 7:24
4 - 4% - 10% - 1:37
PP Forward
1 - 58% - 60% - 2:46
2 - 42% - 40% - 2:01
PP Defense
1 - 69% - 60% - 3:19
2 - 31% - 40% - 1:28
PK Forward
1 - 74% - 60% - 10:27
2 - 26% - 40% - 3:36
PK Defense
1 - 54% - 60% - 7:32
2 - 46% - 40% - 6:31
PK3 Forward
1 - 100% - 60% - 0:01
2 - 0% - 40% - 0:00
PK3 Defense
1 - 100% - 60% - 0:01
2 - 0% - 40% - 0:00
44 Forward
1 - 100% - 60% - 2:00
2 - 0% - 40% - 0:00
44 Defense
1 - 69% - 60% - 1:23
2 - 31% - 40% - 0:37
Last Minute Offensive - 0:00
Last Minute Defensive - 0:00
Total
Forward - 60:12
Defense - 60:12
|
% Time on Ice - Blackhawks
Lines # - Real PCT - Wanted PCT - Time Play
Normal Forward
1 - 36% - 40% - 14:06
2 - 26% - 30% - 10:19
3 - 23% - 20% - 9:09
4 - 15% - 10% - 5:47
Normal Defense
1 - 40% - 40% - 15:44
2 - 34% - 30% - 13:28
3 - 25% - 20% - 9:52
4 - 1% - 10% - 0:17
PP Forward
1 - 52% - 60% - 7:16
2 - 48% - 40% - 6:47
PP Defense
1 - 65% - 60% - 9:04
2 - 35% - 40% - 4:59
PK Forward
1 - 87% - 60% - 4:11
2 - 13% - 40% - 0:36
PK Defense
1 - 57% - 60% - 2:44
2 - 43% - 40% - 2:03
PK3 Forward
1 - 100% - 60% - 0:11
2 - 0% - 40% - 0:00
PK3 Defense
1 - 100% - 60% - 0:11
2 - 0% - 40% - 0:00
44 Forward
1 - 81% - 60% - 1:29
2 - 19% - 40% - 0:21
44 Defense
1 - 66% - 60% - 1:13
2 - 34% - 40% - 0:37
Last Minute Offensive - 0:00
Last Minute Defensive - 0:00
Total
Forward - 60:12
Defense - 60:12
|
Play-by-Play
1st period
0:01 of 1st period - Alexander Kerfoot wins face-off versus Derek Stepan in neutral zone.
0:10 of 1st period - Snap shot by Jonathan Drouin.
0:10 of 1st period - Shot Misses the Net.
0:51 of 1st period - Jeff Schultz is hit by Dalton Prout and loses puck.
1:53 of 1st period - Double Minor Penalty to Lawson Crouse for Slashing.
1:54 of 1st period - Alexander Kerfoot wins face-off versus Derek Stepan in Lightning zone.
1:59 of 1st period - Radko Gudas is hit by Rasmus Ristolainen and loses puck.
2:06 of 1st period - Slapshot by Will Butcher.
2:06 of 1st period - Shot Blocked by Jeff Schultz.
2:08 of 1st period - Snap shot by Jakob Silfverberg.
2:08 of 1st period - Shot Misses the Net.
2:34 of 1st period - Slapshot by Rasmus Ristolainen.
2:34 of 1st period - Shot Blocked by Will Butcher.
4:52 of 1st period - Radko Gudas is hit by John Carlson and loses puck.
5:07 of 1st period - Icing by Erik Haula.
5:08 of 1st period - Alexander Kerfoot wins face-off versus Erik Haula in Blackhawks zone.
5:09 of 1st period - Slapshot by Shayne Gostisbehere.
5:09 of 1st period - Stopped by Cam Ward without a rebound.
5:10 of 1st period - Derek Stepan wins face-off versus Alexander Kerfoot in Blackhawks zone.
5:53 of 1st period - Penalty to Lawson Crouse is over, Lawson Crouse is back on ice.
6:09 of 1st period - Slapshot by Brandon Hagel.
6:09 of 1st period - Shot Blocked by Will Butcher.
6:19 of 1st period - Rasmus Ristolainen is hit by Joe Pavelski.
6:25 of 1st period - Wrist shot by Alex DeBrincat.
6:25 of 1st period - Stopped by Cam Ward with a rebound.
6:37 of 1st period - Slapshot by Will Butcher.
6:37 of 1st period - Stopped by Alex Nedeljkovic without a rebound.
6:38 of 1st period - Alexander Kerfoot wins face-off versus Erik Haula in Lightning zone.
7:29 of 1st period - Wrist shot by William Karlsson.
7:29 of 1st period - Deflect By Mike Amadio.
7:29 of 1st period - Stopped by Alex Nedeljkovic with a rebound.
7:31 of 1st period - Slapshot by Dalton Prout.
7:31 of 1st period - Shot Blocked by Cory Emmerton.
7:33 of 1st period - Slapshot by Adrian Kempe.
7:33 of 1st period - Shot Misses the Net.
7:35 of 1st period - Slapshot by PK Subban.
7:35 of 1st period - Deflect By Adrian Kempe.
7:35 of 1st period - Stopped by Alex Nedeljkovic with a rebound.
7:37 of 1st period - Snap shot by Mike Amadio.
7:37 of 1st period - Goal by Mike Amadio - Lightning : 0 - Blackhawks : 1.
7:38 of 1st period - Alexander Kerfoot wins face-off versus Derek Stepan in neutral zone.
8:25 of 1st period - Backhand shot by Rasmus Ristolainen.
8:25 of 1st period - Shot Blocked by Mike Amadio.
8:35 of 1st period - Snap shot by Anze Kopitar.
8:35 of 1st period - Stopped by Cam Ward without a rebound.
8:36 of 1st period - Derek Stepan wins face-off versus Lawson Crouse in Blackhawks zone.
8:47 of 1st period - Slapshot by Jonathan Drouin.
8:47 of 1st period - Stopped by Cam Ward with a rebound.
8:49 of 1st period - Snap shot by Miro Heiskanen.
8:49 of 1st period - Deflect By Jonathan Drouin.
8:49 of 1st period - Goal by Jonathan Drouin - Lightning : 1 - Blackhawks : 1.
8:50 of 1st period - Alexander Kerfoot wins face-off versus Derek Stepan in neutral zone.
9:03 of 1st period - John Carlson is hit by Radko Gudas and loses puck.
9:56 of 1st period - Cory Emmerton is hit by Erik Haula.
10:06 of 1st period - Slapshot by Antoine Roussel.
10:06 of 1st period - Shot Misses the Net.
10:42 of 1st period - Mike Amadio is hit by Anthony Cirelli and loses puck.
11:52 of 1st period - Jakob Silfverberg is hit by Cory Emmerton and loses puck.
12:33 of 1st period - Wrist shot by Anthony Cirelli.
12:33 of 1st period - Stopped by Cam Ward with a rebound.
12:35 of 1st period - Backhand shot by Alex DeBrincat.
12:35 of 1st period - Stopped by Cam Ward without a rebound.
12:36 of 1st period - Jonathan Drouin wins face-off versus Derek Stepan in Blackhawks zone.
13:02 of 1st period - Robert Hagg is hit by Nico Hischier and loses puck.
13:13 of 1st period - Snap shot by Nico Hischier.
13:13 of 1st period - Shot Blocked by Thomas Chabot.
13:15 of 1st period - Wrist shot by Jeff Schultz.
13:15 of 1st period - Deflect By Mikko Rantanen.
13:15 of 1st period - Stopped by Cam Ward with a rebound.
13:35 of 1st period - Snap shot by Anze Kopitar.
13:35 of 1st period - Stopped by Cam Ward with a rebound.
13:45 of 1st period - Slapshot by Derek Stepan.
13:45 of 1st period - Shot Blocked by Shayne Gostisbehere.
14:11 of 1st period - Wrist shot by Alexander Kerfoot.
14:11 of 1st period - Stopped by Cam Ward with a rebound.
14:13 of 1st period - Slapshot by Lawson Crouse.
14:13 of 1st period - Shot Misses the Net.
14:15 of 1st period - Wrist shot by Jonathan Drouin.
14:15 of 1st period - Shot Blocked by William Karlsson.
14:49 of 1st period - Brandon Hagel is hit by Andrew Ladd and loses puck.
14:54 of 1st period - Snap shot by Stefan Matteau.
14:54 of 1st period - Shot Blocked by Max Friberg.
14:58 of 1st period - Snap shot by Joe Pavelski.
14:58 of 1st period - Stopped by Alex Nedeljkovic without a rebound.
14:59 of 1st period - Alexander Kerfoot wins face-off versus Derek Stepan in Lightning zone.
15:14 of 1st period - Snap shot by Jonathan Drouin.
15:14 of 1st period - Stopped by Cam Ward without a rebound.
15:15 of 1st period - Erik Haula wins face-off versus Nico Hischier in Blackhawks zone.
15:22 of 1st period - Slapshot by Mikko Rantanen.
15:22 of 1st period - Goal by Mikko Rantanen - Lightning : 1 - Blackhawks : 2.
15:23 of 1st period - Derek Stepan wins face-off versus Jonathan Drouin in neutral zone.
16:15 of 1st period - Mike Amadio is hit by Max Friberg and loses puck.
16:24 of 1st period - Max Friberg is hit by William Karlsson and loses puck.
16:59 of 1st period - Icing by Dalton Prout.
17:00 of 1st period - Alexander Kerfoot wins face-off versus Derek Stepan in Blackhawks zone.
17:09 of 1st period - Snap shot by Jonathan Drouin.
17:09 of 1st period - Stopped by Cam Ward with a rebound.
17:26 of 1st period - Jakob Silfverberg is hit by John Carlson and loses puck.
18:11 of 1st period - Wrist shot by Brandon Hagel.
18:11 of 1st period - Shot Blocked by Mike Amadio.
18:20 of 1st period - Icing by Adrian Kempe.
18:21 of 1st period - Nico Hischier wins face-off versus William Karlsson in Blackhawks zone.
18:28 of 1st period - Snap shot by Nico Hischier.
18:28 of 1st period - Shot Blocked by Thomas Chabot.
18:30 of 1st period - Wrist shot by John Carlson.
18:30 of 1st period - Shot Blocked by Adrian Kempe.
18:32 of 1st period - Slapshot by Shayne Gostisbehere.
18:32 of 1st period - Stopped by Cam Ward without a rebound.
18:33 of 1st period - Derek Stepan wins face-off versus Alexander Kerfoot in Blackhawks zone.
18:44 of 1st period - Wrist shot by Alexander Kerfoot.
18:44 of 1st period - Stopped by Cam Ward without a rebound.
18:45 of 1st period - Derek Stepan wins face-off versus Alexander Kerfoot in Blackhawks zone.
18:57 of 1st period - Wrist shot by Alexander Kerfoot.
18:57 of 1st period - Shot Misses the Net.
18:59 of 1st period - Wrist shot by Alexander Kerfoot.
18:59 of 1st period - Shot Blocked by Derek Stepan.
19:01 of 1st period - Slapshot by Rasmus Ristolainen.
19:01 of 1st period - Deflect By Derek Stepan.
19:01 of 1st period - Stopped by Cam Ward without a rebound.
19:02 of 1st period - Nico Hischier wins face-off versus Erik Haula in Blackhawks zone.
19:29 of 1st period - Jonathan Drouin is hit by Johnny Gaudreau and loses puck.
19:44 of 1st period - Minor Penalty to Derek Stepan for Tripping.
19:45 of 1st period - Johnny Gaudreau wins face-off versus Alexander Kerfoot in Blackhawks zone.
19:56 of 1st period - Will Butcher is hit by Jonathan Drouin and loses puck.
Goals for this period are 1 for Lightning vs 2 for Blackhawks.
Shots for this period are 15 for Lightning vs 6 for Blackhawks.
2nd period
0:01 of 2nd period - Alexander Kerfoot wins face-off versus Jakob Silfverberg in neutral zone.
0:52 of 2nd period - Wrist shot by Alex DeBrincat.
0:52 of 2nd period - Stopped by Cam Ward with a rebound.
1:44 of 2nd period - Penalty to Derek Stepan is over, Derek Stepan is back on ice.
2:18 of 2nd period - Snap shot by Joe Pavelski.
2:18 of 2nd period - Shot Misses the Net.
2:27 of 2nd period - Minor Penalty to Max Friberg for Delaying the game.
2:28 of 2nd period - Alexander Kerfoot wins face-off versus Derek Stepan in Lightning zone.
2:54 of 2nd period - Alexander Kerfoot is hit by Radko Gudas and loses puck.
4:15 of 2nd period - Backhand shot by Will Butcher.
4:15 of 2nd period - Shot Blocked by Jonathan Drouin.
4:17 of 2nd period - Wrist shot by Jakob Silfverberg.
4:17 of 2nd period - Stopped by Alex Nedeljkovic without a rebound.
4:18 of 2nd period - Jesper Fast wins face-off versus Derek Stepan in Lightning zone.
4:27 of 2nd period - Penalty to Max Friberg is over, Max Friberg is back on ice.
4:33 of 2nd period - Wrist shot by Derek Stepan.
4:33 of 2nd period - Stopped by Alex Nedeljkovic without a rebound.
4:34 of 2nd period - Nico Hischier wins face-off versus Derek Stepan in Lightning zone.
4:38 of 2nd period - Off-side.
4:39 of 2nd period - Nico Hischier wins face-off versus Derek Stepan in neutral zone.
5:14 of 2nd period - Snap shot by William Karlsson.
5:14 of 2nd period - Shot Misses the Net.
5:32 of 2nd period - Wrist shot by Joe Pavelski.
5:32 of 2nd period - Shot Misses the Net.
5:34 of 2nd period - Wrist shot by PK Subban.
5:34 of 2nd period - Stopped by Alex Nedeljkovic without a rebound.
5:35 of 2nd period - Derek Stepan wins face-off versus Alexander Kerfoot in Lightning zone.
5:46 of 2nd period - Wrist shot by Alexander Kerfoot.
5:46 of 2nd period - Shot Misses the Net.
5:48 of 2nd period - Slapshot by Rasmus Ristolainen.
5:48 of 2nd period - Stopped by Cam Ward with a rebound.
5:50 of 2nd period - Wrist shot by Lawson Crouse.
5:50 of 2nd period - Stopped by Cam Ward without a rebound.
5:51 of 2nd period - Erik Haula wins face-off versus Nico Hischier in Blackhawks zone.
5:51 of 2nd period - Erik Haula is hit by Anthony Cirelli.
6:14 of 2nd period - Icing by Shayne Gostisbehere.
6:15 of 2nd period - Derek Stepan wins face-off versus Nico Hischier in Lightning zone.
6:41 of 2nd period - Minor Penalty to Thomas Chabot for Tripping.
6:42 of 2nd period - Johnny Gaudreau wins face-off versus Alexander Kerfoot in Blackhawks zone.
7:18 of 2nd period - Snap shot by Miro Heiskanen.
7:18 of 2nd period - Shot Blocked by Mikko Rantanen.
7:20 of 2nd period - Snap shot by Anthony Cirelli.
7:20 of 2nd period - Goal by Anthony Cirelli - Lightning : 2 - Blackhawks : 2.
7:21 of 2nd period - Alexander Kerfoot wins face-off versus Derek Stepan in neutral zone.
7:55 of 2nd period - John Carlson is hit by Adrian Kempe and loses puck.
8:09 of 2nd period - Icing by Will Butcher.
8:10 of 2nd period - William Karlsson wins face-off versus Nico Hischier in Blackhawks zone.
8:34 of 2nd period - Off-side.
8:35 of 2nd period - Derek Stepan wins face-off versus Anze Kopitar in neutral zone.
8:40 of 2nd period - Slapshot by Johnny Gaudreau.
8:40 of 2nd period - Shot Blocked by Shayne Gostisbehere.
9:02 of 2nd period - Mikko Rantanen is hit by John Carlson and loses puck.
9:39 of 2nd period - Minor Penalty to Shayne Gostisbehere for High sticking.
9:40 of 2nd period - Alexander Kerfoot wins face-off versus Derek Stepan in Lightning zone.
9:53 of 2nd period - Snap shot by Lawson Crouse.
9:53 of 2nd period - Shot Misses the Net.
10:47 of 2nd period - PK Subban is hit by Rasmus Ristolainen and loses puck.
11:39 of 2nd period - Penalty to Shayne Gostisbehere is over, Shayne Gostisbehere is back on ice.
11:43 of 2nd period - Adrian Kempe is hit by John Carlson and loses puck.
12:11 of 2nd period - Slapshot by Thomas Chabot.
12:11 of 2nd period - Goal by Thomas Chabot - Lightning : 2 - Blackhawks : 3.
12:12 of 2nd period - Alexander Kerfoot wins face-off versus Derek Stepan in neutral zone.
12:19 of 2nd period - Slapshot by Alexander Kerfoot.
12:19 of 2nd period - Shot Misses the Net.
12:21 of 2nd period - Snap shot by Jonathan Drouin.
12:21 of 2nd period - Goal by Jonathan Drouin - Lightning : 3 - Blackhawks : 3.
12:22 of 2nd period - Alexander Kerfoot wins face-off versus Derek Stepan in neutral zone.
12:27 of 2nd period - Wrist shot by Alexander Kerfoot.
12:27 of 2nd period - Stopped by Cam Ward without a rebound.
12:28 of 2nd period - Alexander Kerfoot wins face-off versus Derek Stepan in Blackhawks zone.
12:43 of 2nd period - Backhand shot by Alexander Kerfoot.
12:43 of 2nd period - Stopped by Cam Ward without a rebound.
12:44 of 2nd period - Erik Haula wins face-off versus Nico Hischier in Blackhawks zone.
12:51 of 2nd period - Wrist shot by Radko Gudas.
12:51 of 2nd period - Shot Misses the Net.
12:55 of 2nd period - Snap shot by Erik Haula.
12:55 of 2nd period - Deflect By Mikko Rantanen.
12:55 of 2nd period - Shot Blocked by Anthony Cirelli.
12:55 of 2nd period - Puck is out of play.
12:56 of 2nd period - Alexander Kerfoot wins face-off versus Derek Stepan in Lightning zone.
12:58 of 2nd period - Lawson Crouse is hit by Johnny Gaudreau and loses puck.
13:23 of 2nd period - Alex DeBrincat is hit by Radko Gudas and loses puck.
13:28 of 2nd period - Wrist shot by Mikko Rantanen.
13:28 of 2nd period - Shot Blocked by Nico Hischier.
13:34 of 2nd period - Slapshot by Erik Haula.
13:34 of 2nd period - Stopped by Alex Nedeljkovic with a rebound.
13:50 of 2nd period - Snap shot by Max Friberg.
13:50 of 2nd period - Stopped by Cam Ward without a rebound.
13:51 of 2nd period - Derek Stepan wins face-off versus Anze Kopitar in Blackhawks zone.
13:53 of 2nd period - Minor Penalty to Jakob Silfverberg for Hooking.
13:54 of 2nd period - Alexander Kerfoot wins face-off versus Johnny Gaudreau in Blackhawks zone.
15:53 of 2nd period - Penalty to Jakob Silfverberg is over, Jakob Silfverberg is back on ice.
15:58 of 2nd period - Icing by Jakob Silfverberg.
15:59 of 2nd period - Brandon Hagel wins face-off versus Erik Haula in Blackhawks zone.
17:00 of 2nd period - Snap shot by Jakob Silfverberg.
17:00 of 2nd period - Shot Misses the Net.
17:12 of 2nd period - Minor Penalty to Anze Kopitar for Interference.
17:13 of 2nd period - Alexander Kerfoot wins face-off versus Derek Stepan in Lightning zone.
17:24 of 2nd period - Slapshot by Johnny Gaudreau.
17:24 of 2nd period - Shot Blocked by Shayne Gostisbehere.
17:26 of 2nd period - Wrist shot by Will Butcher.
17:26 of 2nd period - Shot Blocked by Shayne Gostisbehere.
17:28 of 2nd period - Wrist shot by Will Butcher.
17:28 of 2nd period - Shot Blocked by John Carlson.
17:30 of 2nd period - Slapshot by Radko Gudas.
17:30 of 2nd period - Shot Blocked by John Carlson.
18:18 of 2nd period - Icing by Will Butcher.
18:19 of 2nd period - Alexander Kerfoot wins face-off versus Erik Haula in Blackhawks zone.
18:32 of 2nd period - Anthony Cirelli is hit by Mikko Rantanen.
19:12 of 2nd period - Penalty to Anze Kopitar is over, Anze Kopitar is back on ice.
19:17 of 2nd period - Icing by Anthony Cirelli.
19:18 of 2nd period - Anze Kopitar wins face-off versus William Karlsson in Lightning zone.
19:43 of 2nd period - Nico Hischier is hit by Erik Haula and loses puck.
Goals for this period are 2 for Lightning vs 1 for Blackhawks.
Shots for this period are 8 for Lightning vs 5 for Blackhawks.
3rd period
0:01 of 3rd period - Derek Stepan wins face-off versus Alexander Kerfoot in neutral zone.
1:00 of 3rd period - Slapshot by Will Butcher.
1:00 of 3rd period - Deflect By Mikko Rantanen.
1:00 of 3rd period - Deflect By John Carlson.
1:00 of 3rd period - Stopped by Alex Nedeljkovic without a rebound.
1:01 of 3rd period - Alexander Kerfoot wins face-off versus Derek Stepan in Lightning zone.
1:50 of 3rd period - Slapshot by Thomas Chabot.
1:50 of 3rd period - Shot Blocked by Max Friberg.
1:52 of 3rd period - Slapshot by Robert Hagg.
1:52 of 3rd period - Stopped by Alex Nedeljkovic with a rebound.
1:54 of 3rd period - Slapshot by Thomas Chabot.
1:54 of 3rd period - Deflect By Joe Pavelski.
1:54 of 3rd period - Stopped by Alex Nedeljkovic with a rebound.
1:56 of 3rd period - Slapshot by Robert Hagg.
1:56 of 3rd period - Shot Misses the Net.
2:08 of 3rd period - Cory Emmerton is hit by Thomas Chabot and loses puck.
2:43 of 3rd period - Slapshot by Shayne Gostisbehere.
2:43 of 3rd period - Stopped by Cam Ward without a rebound.
2:44 of 3rd period - Alex DeBrincat wins face-off versus Antoine Roussel in Blackhawks zone.
2:57 of 3rd period - Wrist shot by Nico Hischier.
2:57 of 3rd period - Stopped by Cam Ward with a rebound.
2:59 of 3rd period - Snap shot by Alex DeBrincat.
2:59 of 3rd period - Shot Blocked by Will Butcher.
3:01 of 3rd period - Slapshot by Jeff Schultz.
3:01 of 3rd period - Shot Misses the Net.
3:11 of 3rd period - Alexander Kerfoot is hit by Jakob Silfverberg and loses puck.
4:21 of 3rd period - William Karlsson is hit by Alexander Kerfoot and loses puck.
4:56 of 3rd period - Erik Haula is hit by Anze Kopitar and loses puck.
5:20 of 3rd period - Snap shot by Nico Hischier.
5:20 of 3rd period - Stopped by Cam Ward without a rebound.
5:21 of 3rd period - Alexander Kerfoot wins face-off versus Derek Stepan in Blackhawks zone.
5:21 of 3rd period - Rasmus Ristolainen is hit by Johnny Gaudreau and loses puck.
5:46 of 3rd period - Antoine Roussel is hit by Anze Kopitar and loses puck.
6:09 of 3rd period - Slapshot by Rasmus Ristolainen.
6:09 of 3rd period - Stopped by Cam Ward with a rebound.
7:28 of 3rd period - Snap shot by Andrew Ladd.
7:28 of 3rd period - Stopped by Alex Nedeljkovic without a rebound.
7:29 of 3rd period - Nico Hischier wins face-off versus Stefan Matteau in Lightning zone.
8:05 of 3rd period - Snap shot by Johnny Gaudreau.
8:05 of 3rd period - Deflect By Jakob Silfverberg.
8:05 of 3rd period - Shot Blocked by Ben Hutton.
8:05 of 3rd period - Puck is out of play.
8:06 of 3rd period - Alexander Kerfoot wins face-off versus Erik Haula in Lightning zone.
8:42 of 3rd period - Snap shot by Derek Stepan.
8:42 of 3rd period - Shot Misses the Net.
8:58 of 3rd period - Slapshot by Rasmus Ristolainen.
8:58 of 3rd period - Shot Blocked by Robert Hagg.
9:02 of 3rd period - Snap shot by Anze Kopitar.
9:02 of 3rd period - Stopped by Cam Ward without a rebound.
9:03 of 3rd period - Anze Kopitar wins face-off versus Erik Haula in Blackhawks zone.
9:16 of 3rd period - Wrist shot by Max Friberg.
9:16 of 3rd period - Shot Misses the Net.
9:43 of 3rd period - Snap shot by Brandon Hagel.
9:43 of 3rd period - Deflect By Anze Kopitar.
9:43 of 3rd period - Stopped by Cam Ward without a rebound.
9:44 of 3rd period - Alexander Kerfoot wins face-off versus Derek Stepan in Blackhawks zone.
10:06 of 3rd period - Minor Penalty to Lawson Crouse for Delaying the game.
10:07 of 3rd period - Johnny Gaudreau wins face-off versus Alexander Kerfoot in Lightning zone.
10:08 of 3rd period - Snap shot by Derek Stepan.
10:08 of 3rd period - Stopped by Alex Nedeljkovic with a rebound.
10:45 of 3rd period - Wrist shot by Mikko Rantanen.
10:45 of 3rd period - Shot Misses the Net.
11:15 of 3rd period - Erik Haula is hit by Jonathan Drouin and loses puck.
12:06 of 3rd period - Penalty to Lawson Crouse is over, Lawson Crouse is back on ice.
12:23 of 3rd period - Minor Penalty to William Karlsson for Tripping.
12:24 of 3rd period - Johnny Gaudreau wins face-off versus Alexander Kerfoot in Blackhawks zone.
12:33 of 3rd period - Minor Penalty to Alexander Kerfoot for Hooking.
12:34 of 3rd period - Johnny Gaudreau wins face-off versus Cory Emmerton in Lightning zone.
12:34 of 3rd period - Wrist shot by Jakob Silfverberg.
12:34 of 3rd period - Shot Blocked by Lawson Crouse.
12:36 of 3rd period - Wrist shot by Jakob Silfverberg.
12:36 of 3rd period - Shot Misses the Net.
12:38 of 3rd period - Wrist shot by Johnny Gaudreau.
12:38 of 3rd period - Shot Misses the Net.
12:40 of 3rd period - Wrist shot by Radko Gudas.
12:40 of 3rd period - Deflect By Jakob Silfverberg.
12:40 of 3rd period - Shot Blocked by Rasmus Ristolainen.
12:40 of 3rd period - Puck is out of play.
12:41 of 3rd period - Johnny Gaudreau wins face-off versus Cory Emmerton in Lightning zone.
12:42 of 3rd period - Wrist shot by Jakob Silfverberg.
12:42 of 3rd period - Stopped by Alex Nedeljkovic with a rebound.
12:44 of 3rd period - Wrist shot by Jakob Silfverberg.
12:44 of 3rd period - Stopped by Alex Nedeljkovic with a rebound.
12:46 of 3rd period - Slapshot by Radko Gudas.
12:46 of 3rd period - Shot Misses the Net.
12:48 of 3rd period - Slapshot by Will Butcher.
12:48 of 3rd period - Stopped by Alex Nedeljkovic with a rebound.
12:50 of 3rd period - Slapshot by Radko Gudas.
12:50 of 3rd period - Shot Misses the Net.
13:08 of 3rd period - Wrist shot by Johnny Gaudreau.
13:08 of 3rd period - Stopped by Alex Nedeljkovic with a rebound.
13:10 of 3rd period - Slapshot by Will Butcher.
13:10 of 3rd period - Stopped by Alex Nedeljkovic with a rebound.
13:20 of 3rd period - Snap shot by Will Butcher.
13:20 of 3rd period - Shot Misses the Net.
13:22 of 3rd period - Wrist shot by Johnny Gaudreau.
13:22 of 3rd period - Shot Blocked by Jeff Schultz.
13:24 of 3rd period - Backhand shot by Johnny Gaudreau.
13:24 of 3rd period - Stopped by Alex Nedeljkovic without a rebound.
13:25 of 3rd period - Max Friberg wins face-off versus Johnny Gaudreau in Lightning zone.
14:08 of 3rd period - Lawson Crouse is hit by Will Butcher.
14:12 of 3rd period - Snap shot by Mike Amadio.
14:12 of 3rd period - Stopped by Alex Nedeljkovic without a rebound.
14:13 of 3rd period - Nico Hischier wins face-off versus Mike Amadio in Lightning zone.
14:23 of 3rd period - Penalty to William Karlsson is over, William Karlsson is back on ice.
14:26 of 3rd period - Snap shot by PK Subban.
14:26 of 3rd period - Shot Misses the Net.
14:28 of 3rd period - Slapshot by PK Subban.
14:28 of 3rd period - Stopped by Alex Nedeljkovic with a rebound.
14:30 of 3rd period - Wrist shot by William Karlsson.
14:30 of 3rd period - Shot Misses the Net.
14:33 of 3rd period - Penalty to Alexander Kerfoot is over, Alexander Kerfoot is back on ice.
14:54 of 3rd period - Slapshot by Rasmus Ristolainen.
14:54 of 3rd period - Shot Misses the Net.
15:07 of 3rd period - Wrist shot by Adrian Kempe.
15:07 of 3rd period - Shot Misses the Net.
15:09 of 3rd period - Snap shot by Dalton Prout.
15:09 of 3rd period - Stopped by Alex Nedeljkovic without a rebound.
15:10 of 3rd period - Anze Kopitar wins face-off versus Derek Stepan in Lightning zone.
15:17 of 3rd period - John Carlson is hit by Jakob Silfverberg and loses puck.
15:33 of 3rd period - Icing by Shayne Gostisbehere.
15:34 of 3rd period - Stefan Matteau wins face-off versus Anze Kopitar in Lightning zone.
15:51 of 3rd period - Snap shot by Anze Kopitar.
15:51 of 3rd period - Shot Misses the Net.
16:19 of 3rd period - Max Friberg is hit by Stefan Matteau and loses puck.
16:30 of 3rd period - Snap shot by John Carlson.
16:30 of 3rd period - Stopped by Cam Ward with a rebound.
16:32 of 3rd period - Snap shot by Max Friberg.
16:32 of 3rd period - Shot Misses the Net.
16:34 of 3rd period - Snap shot by Max Friberg.
16:34 of 3rd period - Stopped by Cam Ward with a rebound.
16:48 of 3rd period - Slapshot by Thomas Chabot.
16:48 of 3rd period - Stopped by Alex Nedeljkovic with a rebound.
16:56 of 3rd period - Snap shot by Anze Kopitar.
16:56 of 3rd period - Stopped by Cam Ward without a rebound.
16:57 of 3rd period - William Karlsson wins face-off versus Cory Emmerton in Blackhawks zone.
17:14 of 3rd period - Snap shot by Adrian Kempe.
17:14 of 3rd period - Stopped by Alex Nedeljkovic without a rebound.
17:15 of 3rd period - Derek Stepan wins face-off versus Jonathan Drouin in Lightning zone.
17:42 of 3rd period - Jonathan Drouin is hit by Antoine Roussel and loses puck.
18:01 of 3rd period - Minor Penalty to Lawson Crouse for Slashing.
18:02 of 3rd period - Alexander Kerfoot wins face-off versus Derek Stepan in Lightning zone.
18:29 of 3rd period - Antoine Roussel is hit by John Carlson and loses puck.
19:10 of 3rd period - Snap shot by Johnny Gaudreau.
19:10 of 3rd period - Shot Misses the Net.
Goals for this period are 0 for Lightning vs 0 for Blackhawks.
Shots for this period are 9 for Lightning vs 16 for Blackhawks.
Overtime #1
0:01 of 1st overtime period - Penalty to Lawson Crouse is over, Lawson Crouse is back on ice.
0:01 of 1st overtime period - Alexander Kerfoot wins face-off versus Johnny Gaudreau in neutral zone.
0:22 of 1st overtime period - Minor Penalty to Radko Gudas for Tripping.
0:23 of 1st overtime period - Johnny Gaudreau wins face-off versus Alexander Kerfoot in Blackhawks zone.
0:28 of 1st overtime period - Wrist shot by Will Butcher.
0:28 of 1st overtime period - Shot Blocked by Jeff Schultz.
0:30 of 1st overtime period - Slapshot by Will Butcher.
0:30 of 1st overtime period - Shot Blocked by Jeff Schultz.
0:32 of 1st overtime period - Slapshot by Johnny Gaudreau.
0:32 of 1st overtime period - Shot Misses the Net.
0:34 of 1st overtime period - Wrist shot by Will Butcher.
0:34 of 1st overtime period - Goal by Will Butcher - Lightning : 3 - Blackhawks : 4.
Goals for this period are 0 for Lightning vs 1 for Blackhawks.
Shots for this period are 0 for Lightning vs 1 for Blackhawks.